 Dungeon Crawl Stone Soup version 0.24.0-37-gcf1ca852f1 (webtiles) character file.

Game seed: 13241230335959363128, levelgen mode: deterministic

63404 Brecoman the Destroyer (level 15, -16/91 HPs)
             Began as a Tengu Conjurer on Nov 25, 2019.
             Was the Champion of Vehumet.
             Killed from afar by an orc sorcerer (27 damage)
             ... with a bolt of fire
             ... while paralysed by an orc sorcerer
             ... on level 2 of the Orcish Mines on Nov 26, 2019.
             The game lasted 02:21:54 (29157 turns).

Brecoman the Destroyer (Tengu Conjurer)            Turns: 29157, Time: 02:21:59

Health: -16/91     AC: 13    Str:  9    XL:     15   Next: 9%
Magic:  9/41       EV:  2    Int: 27    God:    Vehumet [******]
Gold:   1382       SH:  0    Dex: 15    Spells: 5/39 levels left

rFire    . . .     SeeInvis .   C - +7 falchion of the Eternal Void {venom, Int+3}
rCold    . . .     Gourm    .   f - +1 buckler
rNeg     . . .     Faith    .   O - +0 ring mail of the Harvest {MP+9 Int+3} (curse)
rPois    +         Spirit   .   H - +1 hat
rElec    .         Reflect  .   E - +0 cloak {rPois}
rCorr    .         Harm     .   r - +0 pair of gloves
MR       +....                  (boots unavailable)
Stlth    +.........             I - amulet of magic regeneration
HPRegen  0.25/turn              P - +3 ring of evasion
MPRegen  0.52/turn              l - +5 ring of protection

@: paralysed, flying quickly and evasively, drained, quick
A: beak, talons 3, able to fly
a: Stop Flying, Renounce Religion


You were on level 2 of the Orcish Mines.
You worshipped Vehumet.
Vehumet was exalted by your worship.
You were hungry.

You visited 3 branches of the dungeon, and saw 20 of its levels.

You collected 2097 gold pieces.
You spent 715 gold pieces at shops.

Inventory:

Hand Weapons
 C - the +7 falchion of the Eternal Void (weapon) {venom, Int+3}
   (You found it on level 9 of the Dungeon)

   It poisons the flesh of those it strikes.
   It affects your intelligence (+3).
Missiles
 b - 460 stones (quivered)
 j - 2 throwing nets
Armour
 f - a +1 buckler (worn)
 r - a +0 pair of gloves (worn)
 E - a +0 cloak of poison resistance (worn)
 H - a +1 hat (worn)
 O - the cursed +0 ring mail of the Harvest (worn) {MP+9 Int+3}
   (You found it on level 2 of the Lair of Beasts)

   It affects your intelligence (+3).
   It affects your magic capacity (+9).
   It has a curse placed upon it.
Magical Staves
 o - an uncursed staff of air
 v - an uncursed staff of cold
 F - an uncursed staff of fire
Jewellery
 l - a +5 ring of protection (right hand)
 t - an uncursed ring of stealth
 x - an uncursed amulet of the acrobat
 I - an amulet of magic regeneration (around neck)
 P - a +3 ring of evasion (left hand)
 R - an uncursed ring of protection from cold
 T - an uncursed ring of positive energy
Wands
 e - a wand of iceblast (17)
 h - a wand of paralysis (24)
 z - a wand of polymorph (24)
 L - a wand of flame (31)
 M - a wand of disintegration (23)
 U - a wand of clouds (7)
 W - a wand of acid (8)
Scrolls
 a - 5 scrolls of fog
 g - 2 scrolls of fear
 k - 12 scrolls of remove curse
 m - 6 scrolls of teleportation
 n - 5 scrolls of amnesia
 w - 2 scrolls of summoning
 A - 2 scrolls of identify
 Q - 2 scrolls of magic mapping
Potions
 d - 6 potions of curing
 i - 3 potions of might
 q - a potion of brilliance
 s - a potion of agility
 u - 3 potions of haste
 D - 2 potions of lignification
 G - 2 potions of magic
 K - a potion of berserk rage
 N - 3 potions of resistance
Miscellaneous
 p - a lamp of fire
 y - a box of beasts
 J - a sack of spiders
Comestibles
 c - 43 rations
 B - 2 chunks of flesh


   Skills:
 + Level 9.5(8.7) Fighting
 - Level 14.0(13.1) Long Blades
 + Level 9.4(8.5) Dodging
 - Level 2.0(1.3) Stealth
 - Level 4.3(3.6) Shields
 - Level 12.6(11.7) Spellcasting
 - Level 14.4(13.5) Conjurations
 - Level 3.0(2.3) Necromancy
 - Level 2.6(1.9) Translocations
 - Level 5.0(4.3) Fire Magic


You had 5 spell levels left.
You knew the following spells:

 Your Spells              Type           Power        Failure   Level  Hunger
a - Magic Dart            Conj           ####         1%          1    None
b - Searing Ray           Conj           ######       1%          2    None
c - Iskenderun's Mystic   Conj           ######..     1%          4    None
d - Conjure Flame         Conj/Fire      ######..     1%          3    None
e - Blink                 Tloc           N/A          8%          2    None
f - Throw Flame           Conj/Fire      ######       1%          2    None
g - Static Discharge      Conj/Air       ######..     1%          3    None
h - Force Lance           Conj/Tloc      ######..     1%          4    None
i - Mephitic Cloud        Conj/Pois/Air  #####...     1%          3    None
j - Bolt of Draining      Conj/Necr      ######....   3%          5    ###....
k - Fireball              Conj/Fire      ######....   2%          5    ###....

Your spell library contained the following spells:

 Spells                   Type           Power        Failure   Level  Hunger
 Ozocubu's Refrigeration  Ice            ###.......   97%         6    #####..
 Dazzling Spray           Conj/Hex       ######       1%          3    None
 Fulminant Prism          Conj/Hex       ######....   1%          4    None
 Ignite Poison            Fire/Tmut/Pois ###.....     5%          3    None
 Confusing Touch          Hex            ###...       11%         1    None
 Gell's Gravitas          Tloc           ####......   14%         3    None
 Call Imp                 Summ           ###.....     16%         2    None
 Slow                     Hex            ###.....     16%         2    None
 Confuse                  Hex            ###.....     32%         3    None
 Yara's Violent Unravell  Hex/Tmut       ###.......   56%         5    ###....
 Petrify                  Tmut/Erth      ###.....     71%         4    None
 Metabolic Englaciation   Hex/Ice        ###.......   96%         5    ###....
 Bolt of Fire             Conj/Fire      ######....   11%         6    #####..
 Ring of Flames           Chrm/Fire      ####......   100%        7    ######.
 Ignition                 Fire           #####.....   100%        8    #######


Dungeon Overview and Level Annotations

Branches:
Dungeon (12/15)            Temple (0/1) D:5            Lair (6/6) D:9
  Swamp (0/4) Lair:2       Spider (0/4) Lair:4        Slime (0/5) Lair:5
    Orc (2/2) D:11            Elf (0/3) Orc:2

Altars:
Dithmenos
Elyvilon
Trog
Vehumet
The Shining One
Jiyva

Shops:
D:9 =   Orc:2 %?

Annotations:
D:4 3 runed translucent doors, Richi's ghost, amateur HOMo
D:10 exclusion: door
Lair:1 exclusion: oklob plant
Lair:5 1 runed translucent door


Innate Abilities, Weirdness & Mutations

You have a beak for a mouth.
You have claws for feet.
You can fly continuously.


Message History

Okay, then.
You hit the orc sorcerer but do no damage.
The orc sorcerer is poisoned.
The orc sorcerer is severely wounded.
The orc sorcerer points at you and mumbles some strange words.
You suddenly lose the ability to move!
The orc high priest hits you with a cursed -2 glaive.
The orc sorcerer hits you but does no damage.
The orc high priest utters an invocation to Beogh.
The orc sorcerer gestures wildly while chanting.
The orc high priest hits you with a cursed -2 glaive!
The orc sorcerer gestures at you while chanting.
The bolt of negative energy hits you!!!
You feel drained. The sun demon hits you!
* * * LOW HITPOINT WARNING * * *
You are engulfed in flames!
* * * LOW HITPOINT WARNING * * *
The orc sorcerer points at you and mumbles some strange words.
The bolt of fire hits you!!
You die...

..[#.#....###.).##
.[.[.....###...##
.....#..###.#.## #....#####...##
....## ##.#)## ..### ##.))##
.#### ##)))## ....# ##.)o##
....## ##3@)# .....# ###
##3o3..... ....##
###.######.#.).#.
..)..###......####.....###.......
....###.........###...###........
..#.# #......#..###.###.........
...## ###........#####..........
....# ###....^..###...........
...## ###......#............


You could see a soul eater, an orc high priest, a sun demon, a sixfirhy and an
orc sorcerer.

Vanquished Creatures
  A fire dragon (Lair:6)
  Fannar (Orc:1)
  2 hydras
  A two-headed ogre (Orc:2)
  5 death yaks
  A soul eater (Orc:2)
  An orc high priest (Orc:1)
  Nergalle (Lair:1)
  Pikel (D:4)
  A swamp dragon (Lair:6)
  A deep elf mage (D:11)
  5 orc knights (Orc:2)
  2 ugly things
  6 orc sorcerers
  Maurice (D:11)
  20 elephants
  10 black mambas
  A gargoyle (D:12)
  6 spiny frogs
  4 rime drakes
  3 komodo dragons
  3 kobold demonologists
  An ice devil (Orc:2)
  A red devil (Orc:2)
  A queen bee (Lair:2)
  4 jumping spiders (Lair:4)
  3 trolls
  Grinder (D:6)
  5 hippogriffs
  2 bog bodies (Lair:2)
  12 blink frogs
  7 dream sheep (Lair:6)
  A shadow (D:11)
  4 redbacks (Lair:4)
  A ynoxinul (Orc:2)
  A spriggan (D:11)
  3 wyverns
  A wraith (D:11)
  Eustachio (D:5)
  50 yaks
  A hungry ghost (D:9)
  2 steam dragons
  5 basilisks
  2 wargs
  9 water moccasins
  2 acid dragons (Lair:6)
  10 porcupines
  33 orc warriors
  2 sky beasts
  2 swamp drakes (Lair:6)
  A slave (D:5)
  4 ice beasts
  8 ogres
  A black bear (D:9)
  3 centaurs
  20 wolves
  14 crocodiles
  2 big kobolds (D:11)
  19 bullfrogs
  2 wyvern skeletons
  3 scorpions
  27 killer bees
  4 howler monkeys
  6 wights
  5 electric eels
  6 crimson imps
  A bullfrog zombie (D:7)
  2 quasits
  3 centaur zombies
  6 hounds
  5 jellies
  12 orc wizards
  2 bullfrog skeletons
  A centaur skeleton (D:9)
  18 orc priests
  Ijyb (D:3)
  7 iguanas
  12 worker ants
  A killer bee zombie (D:6)
  2 hound skeletons
  A howler monkey zombie (D:9)
  3 worker ant zombies
  18 adders
  3 shadow imps
  4 oozes
  5 adder skeletons
  6 worms
  4 dart slugs
  5 leopard geckos
  60 orcs
  2 ball pythons
  3 giant cockroaches
  6 goblins
  9 hobgoblins
  16 jackals
  4 quokkas
  6 bats
  6 frilled lizards
  12 kobolds
  A leopard gecko skeleton (D:5)
  5 rats
  A fungus (Lair:6)
  A plant (Lair:6)
623 creatures vanquished.

Vanquished Creatures (collateral kills)
  An ugly thing (D:12)
  A centaur zombie (D:12)
  A yak (D:12)
  A killer bee (D:12)
  A worker ant (D:12)
  An adder (D:12)
6 creatures vanquished.

Vanquished Creatures (others)
  7 fungi
  4 plants
11 creatures vanquished.

Grand Total: 640 creatures vanquished

Notes
Turn   | Place    | Note
-------+----------+-------------------------------------------
     0 | D:1      | Brecoman the Tengu Conjurer began the quest for the Orb.
     0 | D:1      | Reached XP level 1. HP: 10/10 MP: 4/4
   186 | D:1      | Reached XP level 2. HP: 16/16 MP: 0/6
   395 | D:1      | Reached skill level 1 in Fighting
   667 | D:1      | Learned a level 2 spell: Searing Ray
  1113 | D:1      | Reached XP level 3. HP: 20/20 MP: 4/7
  1832 | D:2      | Reached skill level 1 in Shields
  1872 | D:2      | Reached XP level 4. HP: 18/25 MP: 0/9
  2545 | D:2      | Found a radiant altar of Vehumet.
  2768 | D:3      | Gained mutation: You can fly continuously. [Tengu growth]
  2768 | D:3      | Reached XP level 5. HP: 30/30 MP: 7/10
  2851 | D:2      | Became a worshipper of Vehumet
  2970 | D:3      | Learned a level 4 spell: Iskenderun's Mystic Blast
  2974 | D:3      | Learned a level 3 spell: Conjure Flame
  3336 | D:3      | Found a shadowy altar of Dithmenos.
  3864 | D:3      | Reached * piety under Vehumet
  3864 | D:3      | Offered knowledge of Sting by Vehumet.
  3879 | D:3      | Noticed Ijyb
  3984 | D:3      | Killed Ijyb
  4185 | D:4      | Reached XP level 6. HP: 36/36 MP: 4/12
  4624 | D:4      | Found a runed translucent gate.
  4625 | D:4      | Found a runed translucent gate.
  4626 | D:4      | Found a runed translucent gate.
  4626 | D:4      | Noticed Richi's ghost (amateur HOMo)
  4658 | D:4      | Learned a level 2 spell: Blink
  4795 | D:4      | Reached XP level 7. HP: 41/41 MP: 10/13
  4924 | D:4      | You are sucked into a shaft and drop 1 floor!
  4924 | D:5      | Entered Level 5 of the Dungeon
  4975 | D:5      | Reached skill level 1 in Translocations
  5479 | D:5      | Noticed Eustachio
  5566 | D:5      | Killed Eustachio
  5771 | D:5      | Reached XP level 8. HP: 44/48 MP: 4/15
  6039 | D:5      | Noticed Pikel
  6064 | D:4      | Killed Pikel
  6198 | D:5      | Reached skill level 5 in Spellcasting
  6356 | D:5      | Found a staircase to the Ecumenical Temple.
  6419 | D:5      | Noticed a hippogriff
  6610 | D:5      | Reached skill level 5 in Fighting
  6831 | D:6      | Offered knowledge of Throw Flame by Vehumet.
  6881 | D:6      | Learned a level 2 spell: Throw Flame
  6907 | D:6      | Reached ** piety under Vehumet
  7028 | D:6      | Noticed Grinder
  7336 | D:6      | Reached XP level 9. HP: 54/54 MP: 5/18
  7928 | D:6      | Paralysed by Grinder for 2 turns
  7930 | D:6      | Killed Grinder
  8731 | D:7      | Reached skill level 10 in Conjurations
  8731 | D:7      | Reached skill level 1 in Fire Magic
  9107 | D:7      | Offered knowledge of Ignite Poison by Vehumet.
 10074 | D:8      | Reached XP level 10. HP: 61/61 MP: 7/20
 10214 | D:8      | Reached *** piety under Vehumet
 11007 | D:9      | Offered knowledge of Static Discharge by Vehumet.
 11128 | D:9      | Found Jus Gyb's Jewellery Emporium.
 11429 | D:9      | Found a white marble altar of Elyvilon.
 11606 | D:8      | Reached skill level 5 in Dodging
 12312 | D:8      | Reached **** piety under Vehumet
 12694 | D:9      | Got a smoking falchion
 12695 | D:9      | Identified the +7 falchion of the Eternal Void {venom,
                  | Int+3} (You found it on level 9 of the Dungeon)
 12710 | D:9      | Learned a level 3 spell: Static Discharge
 12715 | D:9      | Learned a level 4 spell: Force Lance
 12719 | D:9      | Learned a level 3 spell: Mephitic Cloud
 12739 | D:9      | Reached XP level 11. HP: 65/68 MP: 19/23
 13132 | D:9      | Found a staircase to the Lair.
 13417 | D:10     | Entered Level 10 of the Dungeon
 14913 | D:11     | Offered knowledge of Bolt of Draining by Vehumet.
 14968 | D:11     | Found a staircase to the Orcish Mines.
 14994 | D:11     | Noticed a deep elf mage
 15001 | D:11     | Killed a deep elf mage
 15351 | D:11     | Noticed a brown ugly thing
 15357 | D:11     | Killed a brown ugly thing
 15451 | D:11     | Noticed Maurice
 15721 | D:11     | Killed Maurice
 16002 | D:12     | Noticed a cyan ugly thing
 16009 | D:12     | Killed a cyan ugly thing
 16082 | D:12     | Noticed a white ugly thing
 16087 | D:12     | Reached skill level 10 in Spellcasting
 16096 | D:12     | Killed a white ugly thing
 16382 | D:12     | Reached XP level 12. HP: 75/75 MP: 19/27
 16389 | D:12     | Learned a level 5 spell: Bolt of Draining
 17183 | Lair:1   | Entered Level 1 of the Lair of Beasts
 17197 | Lair:1   | Reached skill level 1 in Necromancy
 17391 | Lair:1   | Noticed Nergalle
 17396 | Lair:1   | Killed Nergalle
 17396 | Lair:1   | Reached ***** piety under Vehumet
 17826 | Lair:1   | Offered knowledge of Fireball by Vehumet.
 17848 | Lair:1   | Learned a level 5 spell: Fireball
 19328 | Lair:2   | Got a jewelled ring mail
 19341 | Lair:2   | Identified the cursed +0 ring mail of the Harvest {MP+9
                  | Int+3} (You found it on level 2 of the Lair of Beasts)
 19709 | Lair:2   | Reached skill level 5 in Fire Magic
 19714 | Lair:2   | Found a glowing golden altar of the Shining One.
 19810 | Lair:2   | Found a staircase to the Swamp.
 19978 | Lair:2   | Reached XP level 13. HP: 58/79 MP: 20/30
 21164 | Lair:3   | Offered knowledge of Irradiate by Vehumet.
 21699 | D:9      | Bought a +5 ring of protection for 715 gold pieces
 22481 | Lair:4   | Reached skill level 1 in Long Blades
 22898 | Lair:4   | Found a hole to the Spider Nest.
 23523 | Lair:4   | Reached skill level 5 in Long Blades
 23926 | Lair:5   | Found a radiant altar of Vehumet.
 24258 | Lair:5   | Found a runed translucent door.
 24258 | Lair:5   | Found a viscous altar of Jiyva.
 24258 | Lair:5   | Found a staircase to the Slime Pits.
 24642 | Lair:5   | Reached XP level 14. HP: 84/84 MP: 30/31
 25180 | Lair:5   | Reached skill level 10 in Long Blades
 25264 | Lair:6   | Entered Level 6 of the Lair of Beasts
 25487 | Lair:6   | Identified a scroll of acquirement
 27072 | Orc:1    | Entered Level 1 of the Orcish Mines
 27367 | Orc:1    | Noticed Fannar
 27372 | Orc:1    | Killed Fannar
 27664 | Orc:2    | Entered Level 2 of the Orcish Mines
 27724 | Orc:2    | Found a staircase to the Elven Halls.
 28144 | Orc:1    | Offered knowledge of Ozocubu's Refrigeration by Vehumet.
 28274 | Orc:1    | Found a bloodstained altar of Trog.
 28487 | Orc:2    | Reached ****** piety under Vehumet
 28854 | Orc:2    | Found Byschah's Food Shoppe.
 28880 | Orc:2    | Found Ullih's Magic Scroll Emporium.
 28988 | Orc:2    | Reached XP level 15. HP: 90/90 MP: 26/32
 29153 | Orc:2    | Paralysed by an orc sorcerer for 6 turns
 29157 | Orc:2    | Killed from afar by an orc sorcerer

Levels and vault maps discovered:
D:1:      tarquinn_simple_flora_water_a, layout_basic, minmay_pentomino_x4
D:2:      layout_basic, lemuel_altar_in_water
D:3:      layout_loops_corners, first_ration, moated_statue,
          nicolae_dithmenos_through_a_glass_darkly, uniq_ijyb
D:4:      layout_loops_ring, gammafunk_ghost_nasty_kobolds
D:5:      layout_basic, temple_statues, uniq_pikel, uniq_eustachio
D:6:      layout_loops_ring, uniq_grinder
D:7:      layout_cave_pools, grunt_decor_fettered
D:8:      layout_basic
D:9:      layout_basic, marbit_many_paths, grunt_lair_entry_orc_guard_hut,
          serial_shops, shop, onia_ninara_cookie
D:10:     layout_gridville
D:11:     layout_cave_pods, orc_0_dummy, the_bakery, minivault_14, uniq_maurice
D:12:     layout_basic
Lair:1:   layout_cave_pods, minmay_lair_oklob_chamber, uniq_nergalle
Lair:2:   layout_long_grid, skrybe_swamp_entry_bodies, basic_altar, special_room
          [special_room_bee], lemuel_fruit_tree
Lair:3:   layout_loops_ring
Lair:4:   layout_regular_city, nicolae_spider_entry_tight_spaces
Lair:5:   layout_cave_pods, slime_altar_2, basic_altar
Lair:6:   wormcave, layout_gridlike, guppyfry_lair_end_dragon,
          serial_bayou_shore_b, grunt_megastairs_5
Orc:1:    layout_caves, trog_butcher_becter, uniq_fannar
Orc:2:    pf_orc_diabolical, layout_diamond_mine

Skill      XL: |  1  2  3  4  5  6  7  8  9 10 11 12 13 14 15 |
---------------+----------------------------------------------+-----
Fighting       | 1 2 3 5 6 8 9 |  9.5
Shields        | 1 2 3 4 |  4.3
Conjurations   | 6 7 9 10 11 12 13 14 | 14.4
Spellcasting   | 3 4 5 6 7 10 12 | 12.6
Translocations | 1 2 |  2.6
Fire Magic     | 2 3 5 |  5.0
Dodging        | 3 5 6 7 8 9 |  9.4
Necromancy     | 3 |  3.0
Long Blades    | 8 14 | 14.0
Stealth        | |  2.0

Action                   |  1- 3 |  4- 6 |  7- 9 | 10-12 | 13-15 || total
-------------------------+-------+-------+-------+-------+-------++-------
Melee: Short sword       |     7 |     1 |    11 |       |       ||    19
       Kick              |     2 |     2 |     9 |    72 |    76 ||   161
       Peck              |     2 |     2 |     9 |    45 |    50 ||   108
       Trident           |       |    11 |       |       |       ||    11
       Scimitar          |       |       |    24 |    48 |       ||    72
       Falchion          |       |       |       |   112 |   204 ||   316
 Cast: Magic Dart        |    56 |   123 |   134 |   219 |   269 ||   801
       Searing Ray       |     2 |    12 |    26 |     9 |       ||    49
       Iskenderun's Myst |       |       |    42 |   222 |   197 ||   461
       Throw Flame       |       |       |     4 |    10 |    16 ||    30
       Force Lance       |       |       |       |     4 |    33 ||    37
       Static Discharge  |       |       |       |     2 |     3 ||     5
       Conjure Flame     |       |       |       |     2 |       ||     2
       Mephitic Cloud    |       |       |       |     1 |       ||     1
       Fireball          |       |       |       |       |    40 ||    40
       Blink             |       |       |       |       |     1 ||     1
       Bolt of Draining  |       |       |       |       |    51 ||    51
 Abil: Fly               |       |     1 |       |       |       ||     1
Evoke: Box of beasts     |       |       |       |     1 |       ||     1
       Wand              |       |       |       |       |    11 ||    11
  Use: Scroll            |       |     9 |     2 |     9 |    13 ||    33
 Stab: Sleeping          |       |       |     2 |     1 |       ||     3
       Distracted        |       |       |       |     2 |       ||     2
  Eat: Chunk             |     4 |     9 |    15 |    33 |    26 ||    87
       Ration            |       |       |     2 |     2 |     2 ||     6
Armor: Robe              |     1 |     3 |     1 |       |       ||     5
       Leather armour    |       |       |    13 |     5 |       ||    18
       Steam dragon scal |       |       |       |    21 |       ||    21
       Ring mail         |       |       |       |     6 |    77 ||    83
Dodge: Dodged            |    11 |    31 |    78 |   269 |   339 ||   728
Block: Buckler           |       |       |    23 |    92 |   116 ||   231
       Rpst.: Scimitar   |       |       |     7 |    26 |       ||    33
       Falchion          |       |       |       |    46 |    90 ||   136
